Cogmind - Beta 11.1 @@@ ROGUE MODE // 2022.07.16 @ 00:55:17 Player: sasha Result: Destroyed by G-47 Trooper with Particle Gun Performance ------------- Evolutions (2) 1000 Regions Visited (5) 1000 Robots Destroyed (9) 45 Value Destroyed (287) 287 Prototype IDs (0) 0 Alien Tech Used (0) 0 Bonus (0) 0 TOTAL SCORE: 2332 Bonus ------- None Cogmind --------- Core Integrity 0/550 Matter 295/300 Energy 95/100 System Corruption 0% Temperature Cool (9) Movement Core (400) Ox7 Location -8/Materials Parts ------- > --- POWER (2) -------- (None) > --- PROPULSION (4) --- (None) > --- UTILITY (3) ------ Large Storage Unit > --- WEAPON (2) ------- Great Axe > --- INVENTORY (15) --- Ion Engine Small Storage Unit Medium Storage Unit Large Storage Unit High-capacity Matter Pod (200) High-capacity Matter Pod (200) High-capacity Matter Pod (200) High-capacity Matter Pod (200) Rocket Launcher Mining Laser Mining Laser Peak State ------------ > --- POWER ------------ Ion Engine Light Ion Engine > --- PROPULSION ------- Light Treads Light Treads Aluminum Leg > --- UTILITY ---------- Improved Heat Sink Large Storage Unit Targeting Computer > --- WEAPON ----------- Heavy Particle Cannon > --- INVENTORY -------- Ion Engine Small Storage Unit Medium Storage Unit Large Storage Unit High-capacity Matter Pod High-capacity Matter Pod High-capacity Matter Pod High-capacity Matter Pod Rocket Launcher Mining Laser Mining Laser [Rating: 14] Favorites ----------- Power Ion Engine Engine Ion Engine Propulsion Light Treads Treads Light Treads Leg Aluminum Leg Utility Small Storage Unit Device Improved Heat Sink Storage Small Storage Unit Processor Targeting Computer Weapon Medium Laser Energy Gun Medium Laser Energy Cannon Heavy Particle Cannon Ballistic Gun Light Assault Rifle Slashing Weapon Great Axe Build | -11 -10 -10 -9 -9 -8 ------- Run | Scr Mat Min Mat Min Mat Slots Evolved 4 | . . . 2 . 2 Power 1 | . . . . . 1 Propulsion 2 | . . . 2 . . Utility 1 | . . . . . 1 Weapon . | . . . . . . Parts Attached 23 | 5 3 6 . 1 8 Power 4 | 1 . 2 . . 1 Engine 4 | 1 . 2 . . 1 Core . | . . . . . . Reactor . | . . . . . . Propulsion 4 | 1 2 . . 1 . Treads 2 | . 2 . . . . Leg 2 | 1 . . . 1 . Wheel . | . . . . . . Hover . | . . . . . . Flight . | . . . . . . Utility 10 | 1 . 4 . . 5 Device 1 | . . . . . 1 Storage 8 | 1 . 4 . . 3 Processor 1 | . . . . . 1 Hackware . | . . . . . . Protection . | . . . . . . Artifact . | . . . . . . Weapon 5 | 2 1 . . . 2 Energy Gun 2 | 2 . . . . . Energy Cannon 1 | . . . . . 1 Ballistic Gun 1 | . 1 . . . . Ballistic Cannon . | . . . . . . Launcher . | . . . . . . Special Weapon . | . . . . . . Impact Weapon . | . . . . . . Slashing Weapon 1 | . . . . . 1 Piercing Weapon . | . . . . . . Special Melee Weapon . | . . . . . . Unidentified Prototypes . | . . . . . . Parts Lost 10 | . . . . . 10 Power 2 | . . . . . 2 Propulsion 3 | . . . . . 3 Utility 2 | . . . . . 2 Weapon 3 | . . . . . 3 Highest Loss Streak 7 | . . . . . 7 To Critical Strikes . | . . . . . . Average Slot Usage (%) 80 | . 71 87 77 80 74 Engine 10 | . 7 6 11 11 15 Treads 20 | . 12 28 22 22 13 Leg 3 | . 7 . . 3 7 Storage 20 | . 14 24 22 22 17 Processor 1 | . . . . . 4 Energy Gun 11 | . 21 14 11 11 6 Ballistic Gun 10 | . 6 14 11 11 6 Naked Turns . | . . . . . . Heaviest Build 40 | 12 12 17 17 17 40 Greatest Support 40 | 10 40 40 40 40 40 Greatest Overweight (x) 10 | 1 1 . . . 10 Average Overweight (x) . | . . . . . . Largest Inventory Capacity 15 | 8 8 8 8 8 15 Average Capacity 9 | 7 8 8 8 8 13 Most Carried 13 | 5 5 8 8 8 13 Average Carried 7 | 3 3 6 8 7 10 Final Capacity 15 | 8 8 8 8 8 15 Final Carried 11 | 4 5 8 8 8 11 Class Distribution -------------------- 100% | Mutant Dominant Class ---------------- Mutant | -10/Materials Mutant | -10/Mines Mutant | -9/Materials Mutant | -9/Mines Mutant | -8/Materials Resources | -11 -10 -10 -9 -9 -8 ----------- Run | Scr Mat Min Mat Min Mat Matter Collected 578 | 225 . 222 . . 131 Remotely . | . . . . . . Salvage Created 457 | . . 250 . . 207 Parts 15 | . . 8 . . 7 Haulers Intercepted . | . . . . . . Recyclers Shooed . | . . . . . . Parts Field Recycled . | . . . . . . Retrieved Matter . | . . . . . . Parts Self-Destructed . | . . . . . . Prevented . | . . . . . . Kills | -11 -10 -10 -9 -9 -8 ------- Run | Scr Mat Min Mat Min Mat Combat Hostiles Destroyed 5 | . . 2 . . 3 Melee 1 | . . . . . 1 Guns 3 | . . 2 . . 1 Cannons 1 | . . . . . 1 Classes Destroyed 3 | . . 2 . . 1 Recycler 2 | . . 2 . . . Watcher 2 | . . . . . 2 Grunt 5 | . . 2 . . 3 Best Kill Streak 4 | . . 4 . . 2 Combat Bots Only 2 | . . 2 . . 1 Max Kills in Single Turn 1 | . . 1 . . 1 Gunslinging . | . . . . . . Exploded . | . . . . . . Melee 1 | . . . . . 1 Uniques/NPCs Destroyed . | . . . . . . Combat | -11 -10 -10 -9 -9 -8 -------- Run | Scr Mat Min Mat Min Mat Damage Taken 1581 | . . 172 . . 1409 Core 575 | . . 16 . . 559 Absorbed by Shields . | . . . . . . Core Remaining (%) 97 | 100 . 93 . 100 . Volleys Fired 44 | . . 12 . . 32 Largest 2 | . . 2 . . 2 Hottest 75 | . . 70 . . 75 Shots Fired 74 | . . 24 . . 50 Gun 60 | . . 24 . . 36 Cannon 14 | . . . . . 14 Launcher . | . . . . . . Special . | . . . . . . Kinetic 30 | . . 12 . . 18 Thermal 44 | . . 12 . . 32 Explosive . | . . . . . . Electromagnetic . | . . . . . . Robot Hit Streak 23 | . . 5 . . 23 Robot Miss Streak 3 | . . 3 . . 2 Penetration Max . | . . . . . . Secondary Targets 1 | . . 1 . . . Max Gunslinging Chain 1 | . . 1 . . . Shots Hit Robots 59 | . . 15 . . 44 Core Hits 21 | . . 9 . . 12 Critical Kills . | . . . . . . Critical Parts Destroyed . | . . . . . . Critical Strikes 1 | . . 1 . . . Burn 1 | . . 1 . . . Melee Attacks 2 | . . . . . 2 Impact . | . . . . . . Slashing 2 | . . . . . 2 Piercing . | . . . . . . Sneak Attacks . | . . . . . . Combat Hostiles . | . . . . . . Follow-up Attacks . | . . . . . . Damage Inflicted 864 | . . 184 . . 680 Guns 465 | . . 181 . . 284 Cannons 325 | . . . . . 325 Explosions . | . . . . . . Melee 71 | . . . . . 71 Ramming 3 | . . 3 . . . Kinetic 186 | . . 65 . . 121 Thermal 604 | . . 116 . . 488 Explosive . | . . . . . . Electromagnetic . | . . . . . . Impact . | . . . . . . Slashing 71 | . . . . . 71 Piercing . | . . . . . . Highest Corruption . | . . . . . . Average Corruption . | . . . . . . Corruption Purged . | . . . . . . Corruption Blocked . | . . . . . . Overload Shots . | . . . . . . Overflow Damage . | . . . . . . Projectiles . | . . . . . . Explosions . | . . . . . . Melee . | . . . . . . Knockbacks . | . . . . . . Impact . | . . . . . . Kinetic . | . . . . . . Secondary . | . . . . . . Self-Inflicted Damage . | . . . . . . Shots . | . . . . . . Rammed 1 | . . 1 . . . Targets Rammed 1 | . . 1 . . . Kicked . | . . . . . . Crushed . | . . . . . . Highest Temperature 293 | . . 94 . . 293 Average Temperature 126 | . . 36 . . 156 Received Heat Transfer 1053 | . . 99 . . 954 Effects 4 | . . . . . 4 Energy Bleed 3 | . . . . . 3 Interference 1 | . . . . . 1 Siege Activations . | . . . . . . Robots Corrupted . | . . . . . . Combat Hostiles . | . . . . . . Parts Fried . | . . . . . . Impact Corruptions . | . . . . . . Robots Melted . | . . . . . . Combat Hostiles . | . . . . . . Parts Melted 3 | . . 1 . . 2 Heat Transferred 1369 | . . 407 . . 962 Parts Sabotaged . | . . . . . . Parts Stolen . | . . . . . . Parts Stripped . | . . . . . . Power Chain Reactions . | . . . . . . Missiles Intercepted . | . . . . . . Alert | -11 -10 -10 -9 -9 -8 ------- Run | Scr Mat Min Mat Min Mat Peak Influence 66 | . . 60 15 5 66 Initial 5 | . . . . 5 1 Average 13 | . . 23 9 5 13 Maximum Alert Level . | . . . . . . Low Security (%) 100 | 100 100 100 100 100 100 Level 1 . | . . . . . . Level 2 . | . . . . . . Level 3 . | . . . . . . Level 4 . | . . . . . . Level 5 . | . . . . . . High Security . | . . . . . . Max Security . | . . . . . . Squads Dispatched 2 | . . . 1 . 1 Investigation . | . . . . . . Extermination . | . . . . . . Reinforcement 2 | . . . 1 . 1 Assault . | . . . . . . Garrison . | . . . . . . Intercept . | . . . . . . Searches Triggered . | . . . . . . Construction Impeded . | . . . . . . Haulers Reinforced . | . . . . . . Active Scanning Responses . | . . . . . . Cargo Convoy Interrupts . | . . . . . . Stealth | -11 -10 -10 -9 -9 -8 --------- Run | Scr Mat Min Mat Min Mat Distress Signals 2 | . . . . . 2 Communications Jammed . | . . . . . . Distress Signals . | . . . . . . Times Spotted 12 | . 1 2 1 . 8 Peak Tracking Total 4 | . 1 2 . . 4 Tactical Retreats 1 | . . . . . 1 Traps | -11 -10 -10 -9 -9 -8 ------- Run | Scr Mat Min Mat Min Mat Traps Triggered 1 | . 1 . . . . Indirectly . | . . . . . . Trap Hack Attempts . | . . . . . . Triggered . | . . . . . . Disarmed . | . . . . . . Reprogrammed . | . . . . . . Reused . | . . . . . . Traps Extracted . | . . . . . . Installed . | . . . . . . Triggered . | . . . . . . Machines | -11 -10 -10 -9 -9 -8 ---------- Run | Scr Mat Min Mat Min Mat Machines Disabled . | . . . . . . Max in Single Turn . | . . . . . . Machines Sabotaged . | . . . . . . Garrisons Compromised . | . . . . . . Overloaded Fab Kills . | . . . . . . Hacking | -11 -10 -10 -9 -9 -8 --------- Run | Scr Mat Min Mat Min Mat Machines Accessed . | . . . . . . Terminals . | . . . . . . Fabricators . | . . . . . . Repair Stations . | . . . . . . Recycling Units . | . . . . . . Scanalyzers . | . . . . . . Garrison Access . | . . . . . . Total Hacks . | . . . . . . Successful . | . . . . . . Failed . | . . . . . . Catastrophic . | . . . . . . Database Lockouts . | . . . . . . Manual . | . . . . . . Terminals . | . . . . . . Fabricators . | . . . . . . Repair Stations . | . . . . . . Recycling Units . | . . . . . . Scanalyzers . | . . . . . . Garrison Access . | . . . . . . Terminal Hacks . | . . . . . . Fabricator Hacks . | . . . . . . Repair Station Hacks . | . . . . . . Recycling Unit Hacks . | . . . . . . Scanalyzer . | . . . . . . Garrison Access Hacks . | . . . . . . Unauthorized Hacks . | . . . . . . Terminals . | . . . . . . Fabricators . | . . . . . . Repair Stations . | . . . . . . Recycling Units . | . . . . . . Scanalyzers . | . . . . . . Garrison Access . | . . . . . . Data Cores Recovered . | . . . . . . Used . | . . . . . . Hacking Detections . | . . . . . . Full Trace Events . | . . . . . . Feedback Events . | . . . . . . Feedback Blocked . | . . . . . . Robot Schematics Acquired . | . . . . . . Robots Built . | . . . . . . Authchips . | . . . . . . Time . | . . . . . . Total Robot Build Rating . | . . . . . . Part Schematics Acquired . | . . . . . . Parts Built . | . . . . . . Authchips . | . . . . . . Time . | . . . . . . Total Part Build Rating . | . . . . . . Parts Repaired . | . . . . . . Time . | . . . . . . Parts Recycled . | . . . . . . Recycled Matter . | . . . . . . Retrieved Matter . | . . . . . . Retrieved Components . | . . . . . . Parts Scanalyzed . | . . . . . . Part Schematics Acquired . | . . . . . . Parts Damaged . | . . . . . . Bothacking | -11 -10 -10 -9 -9 -8 ------------ Run | Scr Mat Min Mat Min Mat Used RIF Installer . | . . . . . . Robots Hacked . | . . . . . . Non-combat . | . . . . . . Combat . | . . . . . . Robot Hacks Applied . | . . . . . . Relay Couplers Released . | . . . . . . Fabnet Peak Effective % . | . . . . . . Robots Rewired . | . . . . . . Allies Hacked . | . . . . . . Hacks Repelled . | . . . . . . Allies | -11 -10 -10 -9 -9 -8 -------- Run | Scr Mat Min Mat Min Mat Total Allies . | . . . . . . Largest Group . | . . . . . . Highest-Rated Group . | . . . . . . Highest-Rated Ally . | . . . . . . Total Orders . | . . . . . . Ally Attacks . | . . . . . . Total Damage . | . . . . . . Kills . | . . . . . . Allies Corrupted . | . . . . . . Allies Melted . | . . . . . . Intel | -11 -10 -10 -9 -9 -8 ------- Run | Scr Mat Min Mat Min Mat Robot Analysis Total . | . . . . . . Derelict Logs Recovered 2 | . . . . 2 . Drone Launches . | . . . . . . Drone Recoveries . | . . . . . . Exploration | -11 -10 -10 -9 -9 -8 ------------- Run | Scr Mat Min Mat Min Mat Turns Passed 1228 | 119 98 458 13 167 373 Spaces Moved 604 | 67 52 240 9 104 132 Core 30 | 15 . . . . 15 Treads 492 | . 22 240 9 104 117 Legs 82 | 52 30 . . . . Wheels . | . . . . . . Hover . | . . . . . . Flight . | . . . . . . Fastest Speed 50 | 50 160 160 160 160 160 Average Speed 167 | 158 177 160 160 160 188 Slowest Speed 550 | 190 190 160 160 160 550 Overloaded Moves . | . . . . . . Propulsion Burnouts . | . . . . . . Robots Hopped . | . . . . . . Cave-ins Triggered . | . . . . . . Exploration Rate (%) 21 | 6 20 47 4 37 12 Regions Visited 5 Branch Regions 2 Pre-discovered Areas 1 | . . . . 1 . Known Exits Taken . | . . . . . . Unknown Exits Taken 5 | 1 1 1 1 1 . Scrap Searched . | . . . . . . Spaces Dug . | . . . . . . Terrain Destroyed 1 | . . . . . 1 Melee . | . . . . . . Projectile 1 | . . . . . 1 AOE . | . . . . . . Terrain Rammed . | . . . . . . Walls Destroyed . | . . . . . . Machines Disabled . | . . . . . . Actions | -11 -10 -10 -9 -9 -8 --------- Run | Scr Mat Min Mat Min Mat Total 753 | 80 58 294 8 105 208 Wait 43 | . . 22 . . 21 Move 599 | 66 51 239 8 103 132 Hop . | . . . . . . Pick Up 32 | 9 4 8 . 1 10 Fast Attach 1 | . . 1 . . . Attach 17 | 5 3 3 . 1 5 Detach . | . . . . . . Swap 5 | . . 2 . . 3 Drop 9 | . . 6 . . 3 Fire 44 | . . 12 . . 32 Melee 2 | . . . . . 2 Ram . | . . . . . . Kick . | . . . . . . Crush 1 | . . 1 . . . Escape Stasis . | . . . . . . Rewire . | . . . . . . Trap . | . . . . . . Miscellaneous . | . . . . . . Route ------- -11/Scrapyard -10/Materials -10/Mines -9/Materials -9/Mines -8/Materials History --------- Turn | Location | Event 3 | -11/Scrapyard | Discovered new exit (range 15) 120 | -11/Scrapyard | Entered Materials 193 | -10/Materials | Discovered new exit (range 6) 218 | -10/Materials | Entered Mines 248 | -10/Mines | Discovered new exit (range 7) 314 | -10/Mines | Build established: Mutant 676 | -10/Mines | Entered Materials 676 | -9/Materials | Evolved 2 slots: Propulsion x2 676 | -9/Materials | Discovered new exit (range 7) 689 | -9/Materials | Entered Mines 695 | -9/Mines | Met a Derelict bent on vengeance 741 | -9/Mines | Learned Materials terminal intel 797 | -9/Mines | Received a Rocket Launcher from a helpful Derelict 839 | -9/Mines | Discovered new exit (range 9) 856 | -9/Mines | Entered Materials 856 | -8/Materials | Evolved 2 slots: Power x1, Utility x1 857 | -8/Materials | Loaded intel: 11 terminal locations 1148 | -8/Materials | Lost 3 parts (1n2w) 1189 | -8/Materials | Core integrity fell below 50% 1220 | -8/Materials | Core integrity fell below 20% 1229 | -8/Materials | Destroyed by G-47 Trooper with Particle Gun Last Messages --------------- 01127_ Imp. Heat Sink temporarily disabled. 01127_ Acquired 52 matter. 01130_ Acquired 29 matter. 01134_ W-25 Informer sends out distress signal. 01137_ W-25 Informer destroyed. 01160_ Aluminum Leg destroyed. 01163_ Lgt. Ion Engine destroyed. 01165_ Critical hit (Burn: +37). 01167_ Lgt. Treads destroyed. 01171_ Critical hit (Burn: +37). 01172_ Ion Engine destroyed. 01176_ Critical hit (Burn: +37). 01178_ Hvy. Particle Cannon destroyed. 01188_ Critical hit (Burn: +37). 01205_ Imp. Heat Sink destroyed. 01205_ Critical hit (Burn: +37). 01223_ Acquired Great Axe. 01225_ Critical hit (Burn: +37). 01227_ Targeting Computer destroyed. 01228_ G-50 Soldier destroyed. Map ----- +----------------------------------------------------+ | | | | | | | | | | | | | | | | | | | | | | | | | | | | | | | | | | | | | | | | | | | | | ?#############??????????????????? | | ?# T #??????????########? | | ?# #??????????#//!![[#? | | ?# """ """ #??????????#@/!![[#? | | ?# """"""""" #?????######%g #? | | ?# "" ####### ##!g ###? | | ?# + g #??? | | ?# % ! # ### #######??? | | ?######+###### #?#####????????? | | #### #??????????????? | | ! ####??????????????? | | #### !% #?????????????????? | | ???######## #?????????????????? | | ??????????# #?????????????????? | | ??????????# #?????????????????? | | ??????????# #?????????????????? | | ??????????#? ?????????????????? | | ??????????? ? ????????????????? | | ??????????? ??? ???????????????? | | ???????????##???##??????????????? | | ????????????????????????????????? | | ????????????????????????????????? | | ????????????????????????????????? | | ????????????????????????????????? | | ????????????????????????????????? | | ????????????????????????????????? | | ????????????????????????????????? | | ????????????????????????????????? | +----------------------------------------------------+ Best States ------------- Heat Dissipation 45 Energy Generation 15 Energy Capacity 275 Matter Stores 670 Matter Capacity 700 Sight Range 16 Terrain Scan Density 10 Evasion (%) 50 Targeting Accuracy 5 Recoil Reduction 2 Item Schematics ----------------- None Robot Schematics ------------------ None Fabricated ------------ Nothing Alien Tech Used ----------------- None Achievements -------------- None Challenges ------------ None Game ------ Seed ShockMetafieldSpear Manual? 0 Play Time 00:18:09 Cumulative 31.3 hours Start 2022.07.16 @ 00:38:59 End 2022.07.16 @ 00:55:17 Sessions 1 Manual Loads 0 Difficulty Rogue Special Mode None Game No. 38 Rogue 38 Adventurer 0 Explorer 0 Win Type - Total 0 Types 0/0/0/0/0/0/0/0/0 Lore% 17 Gallery% 31 Achievement% 28 Wizard Run 0 Options --------- ASCII 0 Keyboard 0 Movement Mouse Keybinds 0 Fullscreen 2 Font 24/Smallcaps Map View 76x50 Tactical HUD 1 Map Filters NONE Filters NONE Steam 1 RUN: af2294f4-602c-4d64-8385-a3d9de0e2adf